 Dungeon Crawl Stone Soup version 0.19.5 (webtiles) character file.

102 tognito the Chopper (level 4, -4/58 HPs)
             Began as a Minotaur Berserker on May 6, 2017.
             Was a Believer of Trog.
             Slain by a gnoll
             ... wielding a +2 vampiric halberd
              (9 damage)
             ... on level 3 of the Dungeon.
             The game lasted 00:03:51 (1552 turns).

tognito the Chopper (Minotaur Berserker)            Turns: 1552, Time: 00:03:52

Health: -4/58      AC:  5    Str: 25    XL:     4   Next: 49%
Magic:  3/3        EV: 11    Int:  4    God:    Trog [**....]
Gold:   39         SH:  0    Dex: 10    Spells: 0 memorised, 3 levels left

rFire  . . .     SeeInvis .     a - +0 hand axe
rCold  . . .     Gourm    .     d - +0 ring mail
rNeg   . . .     Faith    .     (no shield)
rPois  .         Spirit   .     (helmet restricted)
rElec  .         Reflect  .     (no cloak)
rCorr  .         Harm     .     (no gloves)
MR     .....                    (no boots)
Stlth  ..........               (no amulet)
                                (no ring)
                                (no ring)

@: berserking, very quick
A: retaliatory headbutt, horns 2, deterioration 1, weak 1
a: Berserk, Trog's Hand, Burn Spellbooks, Renounce Religion


You were on level 3 of the Dungeon.
You worshipped Trog.
Trog was pleased with you.
You were near starving.

You visited 1 branch of the dungeon, and saw 3 of its levels.

You collected 39 gold pieces.

Inventory:

Hand Weapons
 a - a +0 hand axe (weapon)
Missiles
 f - 27 arrows
Armour
 d - a +0 ring mail (worn)
Scrolls
 e - 2 scrolls of fear {unknown}
 g - a scroll of enchant weapon {unknown}
 h - a scroll of identify {unknown}
 j - a scroll of fog {unknown}
Comestibles
 b - a meat ration
 c - 3 bread rations


   Skills:
 - Level 3.6 Fighting
 + Level 6.4 Axes
 - Level 2.4 Armour
 - Level 2.1 Dodging


You had 3 spell levels left.
You didn't know any spells.

Dungeon Overview and Level Annotations

Branches:
Dungeon (3/15)

Altars:
Okawaru


Innate Abilities, Weirdness & Mutations

You reflexively headbutt those who attack you in melee.
You have a pair of horns on your head.
Your body sometimes deteriorates upon taking damage.
You are weak. (Str -2)


Message History

You barely miss the gnoll. You closely miss the bat. The bat barely misses you.
The gnoll hits you from afar with a spear.
* * * LOW HITPOINT WARNING * * *
The gnoll closely misses you. The gnoll barely misses you.
You furiously retaliate!
You headbutt the gnoll!!
You kill the gnoll!
Trog accepts your kill. The bat closely misses you.
The gnoll hits you with a spear.
* * * LOW HITPOINT WARNING * * *
An ooze comes into view.
You see here a spear.
The ooze quivers.
You slash the gnoll!
The gnoll is severely wounded.
You hit the gnoll. The bat barely misses you. You furiously retaliate!
You headbutt the bat!
You kill the bat!
Trog accepts your kill.
The gnoll hits you with a vampiric halberd!
You die...

#.#######+#######J
#.........)g......
#.<.†@g..)+
#..#.###.#..#
#...... #....#.#
#....#.# #....# #
#..... #.#####


You could see 2 gnolls and an ooze.

Vanquished Creatures
  2 adders (D:2)
  5 gnolls
  An ooze (D:2)
  A leopard gecko (D:1)
  6 bats
  3 giant cockroaches (D:2)
  3 goblins
  3 hobgoblins
  A ball python (D:2)
  A frilled lizard (D:2)
  6 kobolds
  2 rats
34 creatures vanquished.

Notes
Turn   | Place    | Note
-------+----------+-------------------------------------------
     0 | D:1      | tognito the Minotaur Berserker began the quest for the Orb.
     0 | D:1      | Reached XP level 1. HP: 19/19 MP: 0/0
   105 | D:1      | Reached skill level 4 in Axes
   149 | D:1      | Gained mutation: Your body sometimes deteriorates upon taking damage. [potion of mutation]
   149 | D:1      | Gained mutation: You are weak. (Str -2) [potion of mutation]
   212 | D:1      | Reached XP level 2. HP: 25/26 MP: 1/1
   552 | D:2      | Reached skill level 5 in Axes
   552 | D:2      | Reached XP level 3. HP: 20/31 MP: 2/2
  1142 | D:2      | Reached XP level 4. HP: 37/39 MP: 3/3
  1221 | D:2      | Reached ** piety under Trog
  1221 | D:2      | Reached skill level 6 in Axes
  1256 | D:2      | Found an iron altar of Okawaru.
  1552 | D:3      | Slain by a gnoll

Skill      XL: |  1  2  3  4 |
---------------+-------------+-----
Axes           | 4 5 6 |  6.4
Fighting       | |  3.6
Armour         | |  2.4
Dodging        | |  2.1

Action                   |  1- 3 |  4- 6 || total
-------------------------+-------+-------++-------
Melee: Hand axe          |    73 |    22 ||    95
       Headbutt          |     6 |     6 ||    12
Invok: Berserk           |       |     1 ||     1
  Use: Potion            |     1 |     2 ||     3
  Eat: Chunk             |       |     1 ||     1
Armor: Ring mail         |    28 |     9 ||    37
Dodge: Dodged            |    46 |    23 ||    69
